 Dungeon Sprint DCSS version 0.18-a0-1562-gac8da35 (webtiles) character file.

4 pipel the Grave Robber (level 1, -1/14 HPs)
             Began as a Minotaur Necromancer on Mar 13, 2016.
             Was a Follower of Makhleb.
             Slain by a quokka (4 damage)
             ... in the Dungeon (Sprint VII: "The Pits").
             The game lasted 00:01:16 (89 turns).

pipel the Grave Robber (Minotaur Necromancer)         Turns: 89, Time: 00:01:16

Health: -1/14      AC:  2    Str: 12    XL:     1   Next: 50%
Magic:  0/1        EV: 12    Int: 12    God:    Makhleb [*.....]
Gold:   0          SH:  0    Dex: 10    Spells: 2 memorised, 0 levels left

rFire  . . .     SeeInvis .     a - +2 trident
rCold  . . .     Gourm    .     j - +0 robe
rNeg   . . .     Faith    .     (no shield)
rPois  .         Spirit   .     (helmet restricted)
rElec  .         Dismiss  .     (no cloak)
rCorr  .         Reflect  .     (no gloves)
SustAt .         Harm     .     (no boots)
MR     .....     NoTele   +     (no amulet)
Stlth  +.........               (no ring)
                                (no ring)

@: not resistant to hostile enchantments, very unstealthy
A: retaliatory headbutt, horns 2
a: Renounce Religion


You were in the Dungeon.
You worshipped Makhleb.
Makhleb was aware of your devotion.
You were not hungry.

You visited 1 branch

Inventory:

Hand Weapons
 a - a +2 trident (weapon)
Missiles
 n - 10 stones (quivered)
Armour
 j - a +0 robe (worn)
Magical Staves
 b - an uncursed staff of energy
Scrolls
 i - a scroll of blinking
 p - 3 scrolls of remove curse
 q - 5 scrolls of amnesia
 r - a scroll of summoning
 s - 2 scrolls of vulnerability
Potions
 d - a potion of curing
 e - a potion of heal wounds
 f - a potion of haste
 g - 4 potions of magic
 h - 3 potions of berserk rage
 m - 2 potions of invisibility
Books
 o - a book of Necromancy

   Spells                             Type                      Level
   a - Pain                           Necromancy                   1
   b - Animate Skeleton               Necromancy                   1
   c - Vampiric Draining              Necromancy                   3
   d - Regeneration                   Charms/Necromancy            3
   e - Animate Dead                   Necromancy                   4
   f - Control Undead                 Necromancy                   4
Comestibles
 c - 8 bread rations
 k - 40 fruits
 l - 7 meat rations
 t - 6 chunks of flesh


   Skills:
 * Level 1.0 Polearms
 - Level 2.5 Dodging
 - Level 1.5 Stealth
 + Level 1.3 Spellcasting
 + Level 3.6 Necromancy


You couldn't memorise any spells.
You knew the following spells:

 Your Spells              Type           Power        Failure   Level  Hunger
a - Animate Skeleton      Necr           N/A          10%         1    ##.....
b - Pain                  Necr           #...         10%         1    ##.....


Dungeon Overview and Level Annotations

Branches:
Dungeon (1/1)

Altars:
Ashenzari
Cheibriados
Dithmenos
Elyvilon
Fedhas
Kikubaaqudgha
Makhleb
Nemelex Xobeh
Okawaru
Pakellas
Ru
Sif Muna
Trog
Vehumet
Xom
Yredelemnul
Zin
The Shining One
Beogh
Jiyva
Lugonu


Innate Abilities, Weirdness & Mutations

You reflexively headbutt those who attack you in melee.
You have a pair of horns on your head.


Message History

Things that are here:
a club; a hobgoblin corpse
Casting: Animate Skeleton
Confirm with . or Enter, or press ? or * to list all spells.
You attempt to give life to the dead...
Before your eyes, flesh is ripped from the corpse!
The dead are walking!
t - 6 chunks of flesh (gained 3)
There is an open door, spattered with blood here.
You see here a club.
You now have 0/1 mp.
There is an open door here.
As you open the door, it creaks loudly!
A giant newt comes into view.
A quokka comes into view.
You barely miss the quokka. Your headbutt misses the quokka.
The quokka bites you.
* * * LOW HITPOINT WARNING * * *
The quokka bites you.
You die...

#__________#
#_#####'##############+
#.))'.'..##..........
#)))#.#..##......#..#
#######)#####..........
#...........'..........
#+#####'#####......#..#
#.....# #..........
#..Z@.# ####'#####+
###r### #.......# ..l
#.......# #...
#.......# ####
#...<...# #.......#
#.......# #.......#
#########


You could see a quokka, a giant newt and a friendly hobgoblin skeleton.

Vanquished Creatures
  A goblin (D)
  2 hobgoblins (D)
3 creatures vanquished.

Notes
Turn   | Place    | Note
--------------------------------------------------------------
     0 | D        | pipel the Minotaur Necromancer began the quest for the Orb.
     0 | D        | Reached XP level 1. HP: 14/14 MP: 1/1
    15 | D        | Reached skill level 3 in Necromancy
    19 | D        | Learned a level 1 spell: Animate Skeleton
    37 | D        | Found a sacrificial altar of Ru.
    37 | D        | Found a basalt altar of Yredelemnul.
    37 | D        | Found a shadowy altar of Dithmenos.
    37 | D        | Found a deep blue altar of Sif Muna.
    37 | D        | Found a burning altar of Makhleb.
    37 | D        | Found a shimmering altar of Xom.
    37 | D        | Found an ancient bone altar of Kikubaaqudgha.
    37 | D        | Found a sparkling altar of Nemelex Xobeh.
    38 | D        | Found a glowing golden altar of the Shining One.
    38 | D        | Found a bloodstained altar of Trog.
    38 | D        | Found a shattered altar of Ashenzari.
    38 | D        | Found a white marble altar of Elyvilon.
    38 | D        | Found a snail-covered altar of Cheibriados.
    38 | D        | Found a blossoming altar of Fedhas.
    38 | D        | Found a radiant altar of Vehumet.
    38 | D        | Found a glowing silver altar of Zin.
    38 | D        | Found a corrupted altar of Lugonu.
    38 | D        | Found a viscous altar of Jiyva.
    38 | D        | Found a roughly hewn altar of Beogh.
    38 | D        | Found an iron altar of Okawaru.
    39 | D        | Found an oddly glowing altar of Pakellas.
    41 | D        | Became a worshipper of Makhleb the Destroyer
    79 | D        | Reached * piety under Makhleb
    79 | D        | Reached skill level 1 in Polearms
    89 | D        | Slain by a quokka

Vault maps used:
D:        pitsprint

Skill      XL: |  1 |
---------------+----+-----
Necromancy     | 3 |  3.6
Polearms       | 1 |  1.0
Dodging        | |  2.5
Stealth        | |  1.5
Spellcasting   | |  1.3

Action                   || total
-------------------------++-------
Melee: Trident           ||     8
       Unarmed           ||     6
 Cast: Animate Skeleton  ||     2
